 Dungeon Crawl Stone Soup version 0.31-a0-986-g5e6e4ef867 (webtiles) character file.

Game seed: 11440821594031170354

114 timneilson the Ruffian (level 4, -2/29 HPs)
             Began as an Octopode Shapeshifter on Nov 24, 2023.
             Slain by an orc wizard
             ... wielding a +0 dagger
              (3 damage)
             ... on level 3 of the Dungeon.
             The game lasted 00:03:50 (2093 turns).

timneilson the Ruffian (Octopode Shapeshifter)      Turns: 2093, Time: 00:03:51

Health: -2/29      AC:  1    Str: 15    XL:     4   Next: 97%
Magic:  4/4        EV: 13    Int: 12    God:
Gold:   105        SH:  0    Dex: 11    Spells: 3/3 levels left

rFire   . .          .
                       - Unarmed
rCold   . . .        (no shield)
rNeg    . . .        (helmet currently unavailable)
rPois   .            (no amulet)
rElec   .            (no ring)
rCorr   .            (no ring)
SInv    .            (no ring)
Will    .....        (no ring)
Stlth   +++          (no ring)
HPRegen 0.24/turn    (no ring)
MPRegen 0.09/turn    (no ring)
                     (no ring)

%: no passive effects
@: beast-form
A: beast (slay +2), almost no armour, amphibious, 8 rings, camouflage 1,
gelatinous body 1, (nimble swimmer 1), tentacles
a: Begin Untransformation


You were on level 3 of the Dungeon.
You were a hulking beast.
You visited 1 branch of the dungeon, and saw 3 of its levels.

You collected 105 gold pieces.

Inventory:

Talismans
 b - a beast talisman
 c - a flux talisman
Potions
 a - 2 potions of lignification
 d - 2 potions of might {unknown}
 e - a potion of magic {unknown}
 f - a potion of brilliance {unknown}
 g - a potion of invisibility {unknown}
 h - 2 potions of curing {unknown}


   Skills:
 * Level 2.3 Fighting
 * Level 2.8 Dodging
 + Level 1.7 Stealth
 * Level 3.6 Unarmed Combat
 * Level 3.5 Shapeshifting


You had 3 spell levels left.
You didn't know any spells.
Your spell library contained the following spells:

 Spells                   Type           Power      Damage    Failure   Level
 Static Discharge         Conj/Air       0%         3-3/arc   45%         2
 Airstrike                Air            0%         2d(0-16)  97%         4
 Summon Lightning Spire   Summ/Air       0%         N/A       97%         4


Dungeon Overview and Level Annotations

Branches:
Dungeon (3/15)

Altars:
Xom

Shops:
D:1 *:*   D:3 *


Innate Abilities, Weirdness & Mutations

You are a hulking beast.
Your limbs bulge with bestial killing power. (Slay +2)
You cannot wear most types of armour.
You are amphibious.
You can wear up to eight rings at the same time.
Your skin changes colour to match your surroundings (Stealth+).
Your rubbery body absorbs attacks. (AC +1, EV +1)
((You are camouflaged when in or above water. (Stealth+)))
You have tentacles for arms and can constrict up to eight enemies at once.


Message History

Beogh smites you!
* * * LOW HITPOINT WARNING * * *
An orc comes into view. It is wielding a +0 short sword.
An orc wizard comes into view. It is wielding a +0 dagger.
The orc priest closely misses you.
You tentacle-slap the orc priest. Your grab misses the orc priest.
The orc priest is moderately wounded.
The orc priest misses you.
You tentacle-slap the orc priest. You grab the orc priest.
The orc priest is heavily wounded.
You constrict the orc priest. The orc priest barely misses you.
You tentacle-slap the orc priest.
The orc priest is almost dead.
You constrict the orc priest.
You kill the orc priest!
The orc wizard gestures wildly while chanting.
The orc wizard flickers and vanishes!
Deactivating autopickup; reactivate with Ctrl-A.
Okay, then.
You tentacle-slap the orc but do no damage.
You grab the orc. You constrict the orc. The orc closely misses you.
You tentacle-slap the orc but do no damage.
The orc is lightly wounded.
You constrict the orc. The orc misses you.
You tentacle-slap the orc but do no damage.
The orc is heavily wounded.
You constrict the orc. The orc barely misses you.
You tentacle-slap the orc but do no damage.
The orc is heavily wounded.
You constrict the orc, but do no damage.
Something barely misses you. The orc hits you with a +0 short sword.
* * * LOW HITPOINT WARNING * * *
You completely miss the orc. You squeeze the orc.
You kill the orc!
Something hits you.
* * * LOW HITPOINT WARNING * * *
You hear some strange, mumbled words.
Something tries to affect you, but you resist.
Something hits you.
You die...

#.......##...### #
#.......##.### #.
#.......##.#
####.#####.......##.#
#............>...##.#
#.##.##.##.########.####
#.##)##.# #....#
#...)##.###### ####.#
#.##..h)...... ..#.# #
#.##.###.## #.#.#
......# #.##.#.#
######## #...<..#
####.### ...# #####


There were no monsters in sight!

Vanquished Creatures
  An orc priest (D:3)
  A gnoll (D:2)
  2 adders
  A worm (D:2)
  2 dart slugs (D:1)
  3 orcs (D:3)
  4 endoplasms
  4 giant cockroaches
  2 goblins (D:1)
  7 hobgoblins
  3 jackals (D:1)
  4 kobolds (D:1)
  A quokka (D:1)
  3 bats
  A frilled lizard (D:2)
  6 rats
45 creatures vanquished.

Notes
Turn   | Place    | Note
-------+----------+-------------------------------------------
     0 | D:1      | timneilson the Octopode Shapeshifter began the quest for
                  | the Orb.
     0 | D:1      | Reached XP level 1. HP: 13/13 MP: 1/1
   147 | D:1      | Reached XP level 2. HP: 18/18 MP: 2/2
   364 | D:1      | Reached XP level 3. HP: 23/23 MP: 3/3
   371 | D:1      | Reached skill level 1 in Stealth
   407 | D:1      | Found Ymoil's Assorted Antiques.
   413 | D:1      | Found Zupymaev's Assorted Antiques.
   893 | D:1      | Found Bisanat's Book Boutique.
  1393 | D:2      | Reached XP level 4. HP: 29/29 MP: 4/4
  1710 | D:2      | Found a shimmering altar of Xom.
  1968 | D:3      | Found Vithoivo's Assorted Antiques.
  2091 | D:3      | HP: 1/29 [something (4)]
  2093 | D:3      | Slain by an orc wizard

Illustrated notes

Levels and vault maps discovered:
D:1:      dpeg_arrival_morbid_curiosity, layout_loops_ring, serial_shops,
          nicolae_shop_crystal, nicolae_shop_pleasant_corner_grove,
          nicolae_shop_just_a_little_nook
D:2:      layout_basic, basic_altar, minmay_misc_feat_encased,
          minmay_increasing_density
D:3:      cheibrodos_thug_alley, layout_loops_cross, tso_oasis_becter,
          serial_shops, nicolae_shop_industrial_runoff, shop, shop

Skill      XL: |  1  2  3 |
---------------+----------+-----
Stealth        | 1 |  1.7
Fighting       | 2 |  2.3
Dodging        | |  2.8
Unarmed Combat | |  3.6
Shapeshifting  | |  3.5

Action                     |  1- 3 |  4- 6 || total
---------------------------+-------+-------++-------
  Melee: Unarmed           |    59 |    31 ||    90
         Constrict         |    15 |     8 ||    23
         Tentacles         |     7 |     6 ||    13
         Punch             |     2 |       ||     2
    Use: Scroll            |     1 |     1 ||     2
   Stab: Sleeping          |    14 |     1 ||    15
 Armour: Skin              |    21 |    11 ||    32
  Dodge: Dodged            |    24 |    18 ||    42

Table legend: (Time is in decaauts)
 A = Elapsed time spent in this place.
 B = Non-inter-level travel time spent in this place.
 C = Inter-level travel time spent in this place.
 D = Time resting spent in this place.
 E = Time spent auto-exploring this place.
 F = Levels seen in this place.
 G = Mean time per level.
                   A        B        C        D        E       F      G
               +--------+--------+--------+--------+--------+-----+--------+
         Total |   2086 |   2018 |     68 |    100 |   1507 |   3 |  695.3 |
       Dungeon |   2086 |   2018 |     68 |    100 |   1507 |   3 |  695.3 |
               +--------+--------+--------+--------+--------+-----+--------+

Top non-repeatable levels by time:
     D:1: 1045 daAuts
     D:2: 906 daAuts
     D:3: 134 daAuts
